Map: Gresvan LE

Players

Bertoffels - Winner!

  • Race: Terran Terran
  • Spawn Location: 11:00

VOD

Have the link to the VOD?

Description

Time

  • Played on: May 19, 2023, 5:57 a.m.
  • Length: 10:13
Show
View Real Time Build Order
Export as new Build Order

Bertoffels Terran - Winner!

Build Orders:  

Get SALT Encoding   

  12  0:00  SCV  
  13  0:17  SCV  
  14  0:27  Supply Depot  
  14  0:35  SCV  
  15  0:57  SCV  
  16  1:01  Barracks  
  16  1:05  Refinery  
  16  1:14  SCV  
  17  1:31  SCV  
  18  1:48  SCV  
  19  2:05  SCV  
  21  2:13  Reaper  
  21  2:14  Barracks  
  21  2:23  Orbital Command  
  21  2:31  Supply Depot  
  21  3:07  Barracks Reactor  
  21  3:28  Barracks Reactor  
  21  4:01  Bunker  
  21  4:07  Marine x2  
  23  4:27  Factory  
  23  4:32  Marine x2  
  23  4:33  Marine x2  
  27  4:56  Marine  
  27  4:57  Marine  
  27  4:58  Marine  
  30  5:06  Marine  
  31  5:27  Bunker  
  31  5:30  Factory Tech Lab  
  31  6:16  Bunker  
  31  6:27  Supply Depot  
  31  6:57  Marine x4, Siege Tank  
  38  7:03  Supply Depot  
  38  7:22  Marine  
  39  7:33  Marine x3  
  39  7:34  Siege Tank  
  42  7:47  Marine, Bunker  
  43  7:57  Marine  
  43  7:58  Marine  
  40  8:39  Marine  
  41  8:40  Marine x3  
  41  8:48  Bunker  
  44  8:51  Siege Tank  
  47  9:22  Marine  
  47  9:28  Bunker  
  47  9:42  Unknown  
  47  9:50  Bunker  
Tags
 
Matchup
Co-op
Add a new tag
Caveats
  • Supply blocks, unpowered buildings, or Contaminate may cause inaccurate times.
  • Supply counts are checked every 10 seconds.